 Dungeon Crawl Stone Soup version 0.29-a0-839-g4793fd635e (webtiles) character file.

Game seed: 7428405746435529795

37 27snakeeyes612 the Magician (level 3, -3/19 HPs)
             Began as a Deep Elf Air Elementalist on July 14, 2022.
             Slain by a goblin
             ... wielding a +2 dagger of electrocution
              (9 damage)
             ... on level 4 of the Dungeon.
             The game lasted 00:01:25 (1280 turns).

27snakeeyes612 the Magician (DEAE)                  Turns: 1280, Time: 00:01:25

Health: -3/19      AC:  2    Str:  5    XL:     3   Next: 23%
Magic:  1/9        EV: 13    Int: 21    God:
Gold:   92         SH:  0    Dex: 15    Spells: 7/8 levels left

rFire   . . .      SeeInvis .   (no weapon)
rCold   . . .      Faith    .   (no shield)
rNeg    . . .      Spirit   .   a - +0 robe
rPois   .          Reflect  .   (no helmet)
rElec   .          Harm     .   (no cloak)
rCorr   .          Rampage  .   (no gloves)
Will    .....                   (no boots)
Stlth   ++........              (no amulet)
HPRegen 0.06/turn               (no ring)
MPRegen 0.11/turn               (no ring)

@: no status effects
A: no striking features
a: no special abilities


You were on level 4 of the Dungeon.
You visited 1 branch of the dungeon, and saw 3 of its levels.

You collected 92 gold pieces.

Inventory:

Armour
 a - a +0 robe (worn)
Scrolls
 c - a scroll of fear {unknown}
 d - a scroll of summoning {unknown}
 f - a scroll of amnesia {unknown}
 g - a scroll of brand weapon {unknown}
 h - a scroll of noise {unknown}
Potions
 b - 2 potions of magic
 e - a potion of curing {unknown}


   Skills:
 + Level 3.0 Dodging
 + Level 3.0 Stealth
 + Level 3.4 Spellcasting
 + Level 1.7 Conjurations
 + Level 3.3 Air Magic


You had 7 spell levels left.
You knew the following spells:

 Your Spells              Type           Power      Damage    Failure   Level
a - Shock                 Conj/Air       56%        1d6       4%          1

Your spell library contained the following spells:

 Spells                   Type           Power      Damage    Failure   Level
 Static Discharge         Conj/Air       14%        3-5/arc   7%          2
 Swiftness                Air            17%        N/A       10%         3
 Airstrike                Air            8%         0-4+      32%         4


Dungeon Overview and Level Annotations

Branches:
Dungeon (4/15)             Temple (0/1) D:4

Altars:


Message History

The hobgoblin shouts!
The zap hits the hobgoblin.
You kill the hobgoblin!
The zap hits the hobgoblin.
The hobgoblin is moderately wounded.
A goblin comes into view. It is wielding a +0 club.
The zap misses the hobgoblin.
The zap misses the goblin.
The goblin shouts!
The zap hits the hobgoblin.
The hobgoblin is almost dead.
The zap hits the goblin.
You kill the goblin!
A goblin comes into view. It is wielding a +0 club.
The zap hits the hobgoblin.
You kill the hobgoblin!
The zap hits the goblin.
You kill the goblin!
A goblin comes into view.
It is wielding a +2 dagger of electrocution.
Your Dodging skill increases to level 3!
You are out of magic!
A goblin is nearby!
Unknown command.
A goblin is nearby!
A hobgoblin comes into view.
Your magical contamination has completely faded away.
The zap misses the goblin.
The zap hits the hobgoblin.
The hobgoblin is heavily wounded.
The hobgoblin shouts!
The goblin attacks as you move away! The goblin closely misses you.
The goblin hits you with a +2 dagger of electrocution.
The hobgoblin hits you. The goblin attacks as you move away!
The goblin hits you with a +2 dagger of electrocution.
A goblin comes into view. It is wielding a +0 sling.
You see here 5 stones.
The hobgoblin attacks as you move away! The hobgoblin closely misses you.
The goblin attacks as you move away!
The goblin hits you with a +2 dagger of electrocution.
You are electrocuted!
You die...

#...#...## #
##g## ## #.#
#..###.#
#.....#######
#.##...#....#
)##.#......⌠8.#
.)............#
#......@>.⌠8.##.
##)...gg........
##........⌠8.##.
.............#
##.#.......###
#.##...####
##+##


You could see a hobgoblin and 2 goblins.

Vanquished Creatures
  3 endoplasms (D:1)
  2 giant cockroaches
  5 goblins
  5 hobgoblins
  3 jackals (D:1)
  A quokka (D:1)
  3 ball pythons (D:1)
  3 bats (D:1)
  A frilled lizard (D:1)
  4 kobolds (D:1)
  2 rats (D:1)
32 creatures vanquished.

Notes
Turn   | Place    | Note
-------+----------+-------------------------------------------
     0 | D:1      | 27snakeeyes612 the Deep Elf Air Elementalist began the
                  | quest for the Orb.
     0 | D:1      | Reached XP level 1. HP: 10/10 MP: 6/6
     6 | D:1      | Noticed a black bear
     6 | D:1      | Noticed a killer bee
     6 | D:1      | Noticed a hog
     7 | D:1      | Noticed a salamander
   249 | D:1      | Reached XP level 2. HP: 15/15 MP: 6/8
   319 | D:1      | Found a faded altar of an unknown god.
  1079 | D:1      | Reached XP level 3. HP: 19/19 MP: 4/9
  1226 | D:2      | You fall into a shaft and drop 2 floors!
  1245 | D:4      | Found a staircase to the Ecumenical Temple.
  1280 | D:4      | Slain by a goblin

Illustrated notes

Levels and vault maps discovered:
D:1:      onia_arrival_zoo_common, layout_loops_ring,
          nicolae_ecumenical_lake_church, nrook_mini_vaults
D:2:      layout_basic, minmay_rat_gold_closets
D:4:      layout_loops_corners, minmay_temple_entry_drinking_statues,
          minmay_goblin_outpost

Skill      XL: |  1  2  3 |
---------------+----------+-----
Stealth        | 3 |  3.0
Dodging        | 3 |  3.0
Spellcasting   | |  3.4
Conjurations   | |  1.7
Air Magic      | |  3.3

Action                   || total
-------------------------++-------
 Cast: Shock             ||    59
Armor: Robe              ||     1
Dodge: Dodged            ||    10

Table legend: (Time is in decaauts)
 A = Elapsed time spent in this place.
 B = Non-inter-level travel time spent in this place.
 C = Inter-level travel time spent in this place.
 D = Time resting spent in this place.
 E = Time spent auto-exploring this place.
 F = Levels seen in this place.
 G = Mean time per level.
                   A        B        C        D        E       F      G
               +--------+--------+--------+--------+--------+-----+--------+
         Total |   1280 |   1258 |     22 |      0 |   1096 |   3 |  426.7 |
       Dungeon |   1280 |   1258 |     22 |      0 |   1096 |   3 |  426.7 |
               +--------+--------+--------+--------+--------+-----+--------+

Top non-repeatable levels by time:
     D:1: 1216 daAuts
     D:4: 53 daAuts
     D:2: 10 daAuts
